 Dungeon Crawl Stone Soup version 0.29-a0-838-g385bb11a5b (webtiles) character file.

Game seed: 7409611741632148580

2115 IdlyInterested the Cudgeller (level 9, -6/65 (72) HPs)
             Began as a Demonspawn Gladiator on July 13, 2022.
             Mangled by an orc warrior
             ... wielding a +0 war axe
              (9 damage)
             ... on level 7 of the Dungeon.
             The game lasted 00:21:53 (6771 turns).

IdlyInterested the Cudgeller (Demonspawn Gladiator) Turns: 6771, Time: 00:21:54

HP:   -6/65 (72)    AC: 16    Str: 18    XL:     9   Next: 8%
MP:   9/9           EV: 12    Int: 11    God:
Gold: 369           SH:  0    Dex: 14    Spells: 8/8 levels left

rFire   + . .      SeeInvis .   J - +1 whip (venom)
rCold   . . .      Faith    .   (no shield)
rNeg    . . .      Spirit   .   K - +0 plate armour
rPois   +          Reflect  .   (helmet restricted)
rElec   .          Harm     .   b - +2 cloak {rPois}
rCorr   .          Rampage  .   k - +0 pair of gloves
Will    .....                   (no boots)
Stlth   ..........              (no amulet)
HPRegen 0.20/turn               j - ring of protection from fire
MPRegen 0.11/turn               B - +4 ring of evasion

@: drained
A: antennae 2, repulsion field 1, spiny 1
a: no special abilities


You were on level 7 of the Dungeon.
You visited 2 branches of the dungeon, and saw 8 of its levels.
You also visited: Ossuary.

You collected 369 gold pieces.

Inventory:

Hand Weapons
 a - a +1 flail
 J - a +1 whip of venom (weapon)
Missiles
 d - 3 throwing nets
 e - a javelin
 i - 5 boomerangs (quivered)
 E - 3 poisoned darts
Armour
 b - a +2 cloak of poison resistance (worn)
 f - a scarf of invisibility
 k - a +0 pair of gloves (worn)
 m - a +0 chain mail
 t - a +1 robe of willpower
 D - a +1 leather armour of cold resistance
 K - a +0 plate armour (worn)
Jewellery
 j - a ring of protection from fire (left hand)
 x - a +6 ring of intelligence
 z - a ring of protection from cold
 B - a +4 ring of evasion (right hand)
 G - a ring of resist corrosion
Wands
 c - a wand of flame (15)
 s - a wand of mindburst (5)
 H - a wand of charming (7)
Scrolls
 h - a scroll of enchant armour
 u - 5 scrolls of teleportation
 v - a scroll of fog
 C - a scroll of enchant weapon
Potions
 g - 2 potions of cancellation
 l - a potion of ambrosia
 n - 2 potions of invisibility
 o - 6 potions of curing
 p - a potion of attraction
 q - 3 potions of might
 r - a potion of resistance
 w - a potion of brilliance
 F - 2 potions of lignification
 I - 2 potions of flight {unknown}


   Skills:
 + Level 7.0 Fighting
 * Level 7.3 Maces & Flails
 - Level 1.7 Throwing
 + Level 4.4 Armour
 - Level 3.0 Dodging
 - Level 1.0 Stealth
 * Level 2.8 Shields
 - Level 1.0 Evocations


You had 8 spell levels left.
You didn't know any spells.
Your spell library contained the following spells:

 Spells                   Type           Power      Damage    Failure   Level
 Foxfire                  Conj/Fire      0%         2x1d4     100%        1
 Freeze                   Ice            0%         1d3       100%        1
 Shock                    Conj/Air       0%         1d3       100%        1
 Slow                     Hex            0%         N/A       100%        1
 Scorch                   Fire           0%         2d5       100%        2
 Confusing Touch          Hex            0%         N/A       100%        3
 Conjure Flame            Conj/Fire      0%         6-21      100%        3
 Frozen Ramparts          Ice            0%         1d2       100%        3
 Gell's Gravitas          Tloc           0%         N/A       100%        3
 Inner Flame              Hex/Fire       0%         N/A       100%        3
 Portal Projectile        Hex/Tloc       0%         N/A       100%        3
 Swiftness                Air            0%         N/A       100%        3
 Teleport Other           Tloc           0%         N/A       100%        3
 Tukima's Dance           Hex            0%         N/A       100%        3
 Vampiric Draining        Necr           0%         2d6       100%        3
 Airstrike                Air            0%         0-1+      100%        4
 Flame Wave               Conj/Fire      0%         2d4       100%        4
 Hailstorm                Conj/Ice       0%         3d3       100%        4
 Blade Hands              Tmut           0%         N/A       100%        5
 Dispersal                Tloc           0%         N/A       100%        6
 Summon Cactus Giant      Summ           0%         N/A       100%        6


Dungeon Overview and Level Annotations

Branches:
Dungeon (7/15)             Temple (1/1) D:5         Ossuary (visited)

Altars:
Ashenzari
Dithmenos
Gozag
Makhleb
Okawaru
Qazlal
Ru
Sif Muna
Trog
Uskayaw
Vehumet
Wu Jian
Lugonu


Innate Abilities, Weirdness & Mutations

You have a pair of antennae on your head.
You are surrounded by a mild repulsion field. (EV +2)
You are partially covered in sharp spines.


Message History

You feel drained.
You hit the wight but do no damage.
The wight is heavily damaged.
You hit the wight.
The wight is almost destroyed.
The wight hits you but does no damage.
You hit the wight but do no damage.
The wight is almost destroyed.
The wight is struck by your spines.
You destroy the wight!
Your Fighting skill increases to level 7!
Things that are here:
a +2 dagger; a +0 robe You see here a scroll of identify.
You hit the orc warrior but do no damage.
The orc warrior is poisoned.
The orc warrior hits you but does no damage.
You barely miss the orc warrior. You barely miss the orc warrior.
The orc warrior is lightly wounded.
The orc warrior misses you.
You hit the orc warrior but do no damage.
The orc warrior looks as sick as possible!
The orc warrior is lightly wounded.
The orc warrior misses you.
You closely miss the orc warrior.
The orc warrior is lightly wounded.
You barely miss the orc warrior.
The orc warrior is lightly wounded.
The orc warrior hits you with a +0 war axe!
* * * LOW HITPOINT WARNING * * *
You completely miss the orc warrior.
The orc warrior is moderately wounded.
The orc warrior hits you with a +0 war axe!
* * * LOW HITPOINT WARNING * * *
An orc comes into view.
It is wielding a +0 short sword and quivering silver boomerangs.
You barely miss the orc warrior.
The orc warrior is moderately wounded.
The orc warrior hits you with a +0 war axe!
You die...

# .. ...########## ...
.$.......)).###........
..#.#######..............
#.......o...............
##....o#.####..........
###.....@#{#####........
....#.#..#...##.......###
###....)####{##.#.#.#....
#.#.#.# #{............
#.....# ###o.#.#.#....
###.### #........#<. ..{
#..#.#.#.#.. ###
##.......### ####....#


You could see an orc warrior (very poisoned) and an orc.

Vanquished Creatures
  Grinder (D:5)
  A wraith (Ossuary)
  A steam dragon (D:4)
  2 water moccasins
  Duvessa (D:4)
  2 ogres
  A bullfrog (D:5)
  2 scorpions
  2 necrophages
  3 wights (D:7)
  Dowan (D:4)
  2 jellies
  3 hounds
  3 orc priests
  Crazy Yiuf (D:3)
  A human zombie (Ossuary)
  An iguana (D:4)
  Ijyb (D:5)
  An orc wizard (D:5)
  4 mummies
  5 gnolls
  6 adders
  3 worms
  4 dart slugs
  14 orcs
  8 endoplasms
  5 giant cockroaches
  A gnoll zombie (Ossuary)
  7 goblins
  8 hobgoblins
  10 jackals
  3 quokkas
  7 ball pythons
  4 bats
  2 frilled lizards
  A goblin zombie (Ossuary)
  3 hobgoblin zombies
  5 kobolds
  5 kobold zombies (Ossuary)
  An orc zombie (D:4)
  8 rats
144 creatures vanquished.

Vanquished Creatures (others)
  A jelly (D:5)
  An orc (D:5)
  2 fungi (D:3)
4 creatures vanquished.

Grand Total: 148 creatures vanquished

Notes
Turn   | Place    | Note
-------+----------+-------------------------------------------
     0 | D:1      | IdlyInterested the Demonspawn Gladiator began the quest for
                  | the Orb.
     0 | D:1      | Reached XP level 1. HP: 16/16 MP: 1/1
    15 | D:1      | Gained mutation: You are partially covered in sharp spines.
                  | [demonic ancestry]
    15 | D:1      | Reached XP level 2. HP: 17/22 MP: 2/2
   102 | D:1      | Found a faded altar of an unknown god.
   226 | D:1      | Reached skill level 1 in Stealth
   769 | D:2      | Reached skill level 1 in Evocations
   769 | D:2      | Reached XP level 3. HP: 18/27 MP: 3/3
   971 | D:2      | Reached skill level 1 in Armour
  1169 | D:2      | Reached XP level 4. HP: 34/34 MP: 4/4
  1555 | D:3      | Noticed a necrophage
  1565 | D:3      | Killed a necrophage
  1639 | D:3      | Found a radiant altar of Vehumet.
  1648 | D:3      | Reached XP level 5. HP: 40/41 MP: 5/5
  1810 | D:3      | Found a shadowy altar of Dithmenos.
  2153 | D:3      | Found an ornate altar of the Wu Jian Council.
  2382 | D:3      | Found an opulent altar of Gozag.
  2494 | D:3      | Found a runed translucent door.
  2496 | D:3      | Noticed Crazy Yiuf
  2501 | D:3      | Killed Crazy Yiuf
  2673 | D:4      | Noticed an ogre
  2682 | D:4      | Killed an ogre
  2683 | D:4      | Gained mutation: You have a pair of small antennae on your
                  | head. [demonic ancestry]
  2683 | D:4      | Reached XP level 6. HP: 5/48 MP: 6/6
  2790 | D:4      | Found a sand-covered staircase.
  2800 | Ossuary  | Entered an ossuary
  2800 | Ossuary  | Noticed a wraith
  2800 | Ossuary  | Noticed a wraith
  2800 | Ossuary  | Noticed a wraith
  3186 | Ossuary  | Reached skill level 1 in Shields
  3201 | Ossuary  | Noticed a wraith
  3218 | Ossuary  | Killed a wraith
  3219 | Ossuary  | Reached XP level 7. HP: 16/55 MP: 7/7
  3764 | D:4      | Reached skill level 5 in Maces & Flails
  4088 | D:4      | Noticed Duvessa
  4089 | D:4      | Noticed Dowan
  4104 | D:4      | Killed Duvessa
  4106 | D:4      | Killed Dowan
  4107 | D:4      | Reached skill level 5 in Fighting
  4326 | D:4      | Noticed a steam dragon
  4335 | D:4      | Killed a steam dragon
  4547 | D:4      | Found a hide-covered altar of Uskayaw.
  4808 | D:5      | Entered Level 5 of the Dungeon
  4994 | D:5      | Gained mutation: You have a pair of antennae on your head.
                  | [demonic ancestry]
  4994 | D:5      | Reached XP level 8. HP: 35/63 MP: 8/8
  5180 | D:5      | Found a broken altar of Ashenzari.
  5287 | D:5      | Noticed Ijyb
  5301 | D:5      | Killed Ijyb
  5427 | D:5      | Noticed Grinder
  5433 | D:5      | Paralysed by Grinder for 3 turns
  5443 | D:5      | Killed Grinder
  5702 | D:5      | Found a staircase to the Ecumenical Temple.
  5711 | Temple   | Entered the Ecumenical Temple
  6527 | D:6      | Gained mutation: You are surrounded by a mild repulsion
                  | field. (EV +2) [demonic ancestry]
  6527 | D:6      | Reached XP level 9. HP: 43/71 MP: 9/9
  6686 | D:6      | You fall into a shaft and drop 1 floor!
  6770 | D:7      | HP: 3/65 [orc warrior/+0 war axe (13)]
  6771 | D:7      | Mangled by an orc warrior

Illustrated notes

Levels and vault maps discovered:
D:1:      co_arrival_square_in_a_square_in_a_square, layout_rooms,
          hellmonk_ecumenical_altar_zigzags, minmay_pentomino_r2
D:2:      layout_basic
D:3:      layout_basic, grunt_temple_overflow_gold_and_silver,
          lemuel_doored_altar, nicolae_dithmenos_through_a_glass_darkly,
          fiery_altar_vehumet, uniq_crazy_yiuf_cottage
D:4:      layout_basic, mainiacjoe_overflow_surrounded_room,
          nicolae_ossuary_entry_giza, minmay_starry_boxes, uniq_duvessa
D:5:      layout_gridville, evilmike_ruin_ashenzari, minmay_temple_entry_waves,
          hangedman_decor_slide_cut, minmay_misc_feat_roman, st_stairs_5,
          lemuel_flame_loot_1, uniq_grinder, uniq_ijyb
D:6:      layout_rooms, mainiacjoe_overflow_paths, serial_curves,
          eino_curves_03, eino_curves_04, bh_walls_and_bars
D:7:      layout_rooms, amcnicky_altar_gilded, mainiacjoe_overflow_boulevard,
          enter_bailey_3, serial_glass, glass_columns_a, glass_columns_b,
          glass_columns_c, glass_columns_a, gammafunk_ghost_arena,
          nicolae_concentric_dashed_squares_mild
Temple:   corrupted_temple

Skill      XL: |  1  2  3  4  5  6  7  8  9 |
---------------+----------------------------+-----
Maces & Flails | 3 4 5 7 |  7.3
Stealth        | 1 |  1.0
Evocations     | 1 |  1.0
Armour         | 1 2 3 4 |  4.4
Fighting       | 3 4 5 6 7 |  7.0
Shields        | 1 2 |  2.8
Dodging        | 3 |  3.0
Throwing       | |  1.7

Action                   |  1- 3 |  4- 6 |  7- 9 || total
-------------------------+-------+-------+-------++-------
Melee: Flail             |    57 |   135 |   154 ||   346
       Punch             |     1 |       |     4 ||     5
       Whip              |       |       |    75 ||    75
  Use: Scroll            |     3 |     6 |     8 ||    17
       Potion            |       |     1 |     1 ||     2
 Stab: Sleeping          |     2 |       |       ||     2
Armor: Leather armour    |    14 |       |       ||    14
       Chain mail        |       |    67 |    84 ||   151
       Plate armour      |       |       |    34 ||    34
Dodge: Dodged            |    22 |    50 |   146 ||   218

Table legend: (Time is in decaauts)
 A = Elapsed time spent in this place.
 B = Non-inter-level travel time spent in this place.
 C = Inter-level travel time spent in this place.
 D = Time resting spent in this place.
 E = Time spent auto-exploring this place.
 F = Levels seen in this place.
 G = Mean time per level.
                   A        B        C        D        E       F      G
               +--------+--------+--------+--------+--------+-----+--------+
         Total |   6821 |   6065 |    756 |   1562 |   2815 |   9 |  757.9 |
       Dungeon |   5820 |   5078 |    742 |   1010 |   2769 |   7 |  831.4 |
        Temple |     54 |     40 |     14 |      0 |     11 |   1 |   54.0 |
       Ossuary |    946 |    946 |      0 |    552 |     35 |   1 |  946.0 |
               +--------+--------+--------+--------+--------+-----+--------+

Top non-repeatable levels by time:
     D:4: 1468 daAuts
     D:5: 1394 daAuts
 Ossuary: 946 daAuts
     D:3: 940 daAuts
     D:2: 870 daAuts
     D:1: 791 daAuts
     D:6: 277 daAuts
     D:7: 76 daAuts
  Temple: 54 daAuts
